Map: Acropolis LE

Players

Death

  • Race: Zerg Zerg
  • League: Silver
  • Spawn Location: 11:00

goose - Winner!

  • Race: Terran Terran
  • League: Silver
  • Spawn Location: 5:00

VOD

Have the link to the VOD?

Description

Time

  • Played on: July 7, 2019, 3:15 a.m.
  • Length: 3:38
Show
View Real Time Build Order
Export as new Build Order

Death Zerg 

Build Orders: Hatch First 

Get SALT Encoding   

  12  0:04  Drone  
  13  0:10  Drone  
  14  0:40  Overlord  
  14  0:42  Hatchery  
  13  0:59  Spawning Pool  
  12  1:05  Drone x2  
  12  1:09  Drone  
  15  1:17  Drone  
  16  1:32  Drone  
  17  1:47  Queen, Extractor  
  17  1:52  Drone x2  
  20  2:01  Drone x2  
  20  2:02  Queen  
  20  2:07  Drone  
  25  2:17  Zergling x4  
  27  2:36  Zergling x2  
  26  2:54  Zergling x4  
  24  3:10  Overlord x2  
Show
View Real Time Build Order
Export as new Build Order

goose Terran - Winner!

Build Orders:  

Get SALT Encoding   

  12  0:03  SCV  
  13  0:15  SCV  
  14  0:25  Supply Depot  
  14  0:42  SCV  
  15  0:49  Barracks  
  15  0:55  Barracks  
  15  0:59  SCV  
  16  1:11  SCV  
  16  1:13  Supply Depot  
  17  1:38  Marine  
  17  1:39  Bunker  
  18  1:42  Marine  
  19  1:50  Bunker  
  19  1:59  SCV  
  20  2:02  Refinery  
  20  2:03  Refinery  
  20  2:04  Supply Depot  
  20  2:05  Marine  
  21  2:11  SCV  
  22  2:16  Supply Depot  
  22  2:25  Marine x2  
  24  2:34  Bunker  
  24  2:43  Marine x2  
  26  3:01  Marine x2  
  28  3:18  Factory  
  28  3:19  Marine  
Tags
 
Matchup
TvZ
Spawn Locations
Cross Positions
Add a new tag
Caveats
  • Supply blocks, unpowered buildings, or Contaminate may cause inaccurate times.
  • Supply counts are checked every 10 seconds.